AoeStats
← InterfectoremTR | The Hood

Black Forest

506479820Analyzed
4v4 RM · 20d ago on Sep 13, 2026· 57m 28s· 8 players
Game mode
Random Map
Map size
Large (8 player)
Population
200
Speed
Normal
Resources
Standard
Victory
Conquest
Starting age
Dark Age
Ending age
Imperial Age
RankedLock teamsTeams togetherTeam positionsShared explorationLock speedFull tech treeHidden civsTurbo modeCheats
Victory
Defeat
🇨🇴 Ethiopians · Colombia
1187
+14
🇨🇴 Teutons · Colombia
1185
+14
🇬🇧 Chinese · United Kingdom
1182
+14
1144
+17
1173
-16
🇹🇷 Mongols · Türkiye
1152
-15
🇫🇷 Persians · France
1149
-15
🇹🇷 Portuguese · Türkiye
1105
-13
Sahraoui
6:19 Loom
11:51 Feudal Age
16:03 Castle Age
15:03 Double-Bit Axe
15:50 Horse Collar
24:02 Bow Saw
26:43 Gold Mining
26:46 Stone Mining
27:33 Wheelbarrow
26:45 Town Watch
27:03 Heavy Plow
29:00 Gold Shaft Mining
29:04 Stone Shaft Mining
28:47 Hand Cart
33:52 Imperial Age
32:07 Forging
32:03 Scale Barding Armor
32:20 Herbal Medicine
32:57 Masonry
33:08 Ballistics
32:44 Murder Holes
34:30 Iron Casting
34:15 Chain Barding Armor
34:24 Caravan
33:52 Elite War Elephant
34:54 Conscription
35:10 Hoardings
34:37 Kamandaran
35:20 Bloodlines
35:11 Husbandry
34:31 Light Cavalry
36:05 Plate Barding Armor
36:32 Blast Furnace
37:23 Two-Man Saw
36:55 Crop Rotation
36:28 Town Patrol
36:22 Fletching
36:34 Padded Archer Armor
36:35 Scale Mail Armor
39:56 Architecture
40:27 Chemistry
39:03 Hussar
43:18 Bodkin Arrow
43:39 Leather Archer Armor
43:43 Chain Mail Armor
42:56 Pikeman
43:37 Squires
43:22 Arson
43:34 Heavy Camel Rider
InterfectoremTR | The Hood
0:27 Loom
13:41 Feudal Age
16:00 Fletching
20:54 Padded Archer Armor
23:27 Castle Age
22:51 Double-Bit Axe
23:48 Forging
23:34 Stone Mining
23:27 Horse Collar
24:36 Bow Saw
24:27 Heavy Plow
33:32 Imperial Age
31:39 Bodkin Arrow
32:55 Gold Mining
36:59 Ballistics
37:02 Elite Genoese Crossbowman
39:35 Chemistry
39:48 Conscription
44:24 Elite Skirmisher
45:10 Bracer
45:25 Leather Archer Armor
48:30 Ring Archer Armor
47:51 Crossbowman
48:36 Thumb Ring
50:58 Arbalester
Torontist | The Hood
0:27 Loom
12:55 Feudal Age
13:45 Double-Bit Axe
18:48 Castle Age
23:28 Bow Saw
27:29 Pikeman
32:55 Imperial Age
32:02 Wheelbarrow
32:16 Horse Collar
36:26 Chemistry
36:23 Arquebus
36:22 Elite Skirmisher
38:21 Conscription
39:15 Bombard Tower
41:16 Onager
52:08 Elite Organ Gun
58:11 Hand Cart
EtZeL
0:49 Loom
11:10 Feudal Age
17:55 Castle Age
16:19 Double-Bit Axe
17:15 Town Watch
19:38 Horse Collar
24:30 Bow Saw
30:44 Fletching
31:57 Wheelbarrow
34:54 Imperial Age
32:27 Gold Mining
33:00 Bodkin Arrow
34:04 Padded Archer Armor
34:06 Heavy Plow
34:55 Leather Archer Armor
35:15 Bloodlines
35:24 Capped Ram
36:31 Drill
36:19 Scale Barding Armor
36:26 Bracer
36:36 Onager
37:31 Forging
37:28 Husbandry
36:49 Light Cavalry
38:11 Chain Barding Armor
38:16 Ballistics
39:47 Hoardings
39:01 Siege Onager
40:37 Iron Casting
40:38 Nomads
41:02 Scale Mail Armor
40:26 Elite Mangudai
43:03 Chemistry
43:53 Blast Furnace
43:40 Siege Engineers
43:46 Masonry
43:28 Siege Ram
45:02 Conscription
48:20 Chain Mail Armor
47:30 Hussar
49:43 Heavy Scorpion
51:02 Hand Cart
50:45 Sappers
54:42 Town Patrol
julianSD7
7:02 Loom
12:27 Feudal Age
13:30 Double-Bit Axe
13:33 Town Watch
13:44 Horse Collar
16:22 Castle Age
19:00 Wheelbarrow
20:39 Hand Cart
20:42 Bow Saw
25:55 Heavy Plow
25:47 Gold Mining
25:48 Stone Mining
29:56 Imperial Age
28:42 Gold Shaft Mining
28:42 Stone Shaft Mining
28:53 Town Patrol
30:04 Onager
31:46 Chemistry
30:53 Siege Engineers
31:27 Squires
30:51 Elite Skirmisher
31:37 Thumb Ring
32:46 Two-Man Saw
31:59 Masonry
32:12 Ballistics
33:18 Siege Onager
34:23 Conscription
35:16 Husbandry
34:37 Light Cavalry
35:09 Fletching
35:20 Padded Archer Armor
35:25 Scale Barding Armor
35:30 Forging
35:23 Scale Mail Armor
35:55 Torsion Engines
36:20 Hussar
38:02 Chain Barding Armor
37:49 Bodkin Arrow
38:09 Leather Archer Armor
39:51 Iron Casting
38:55 Halberdier
40:28 Chain Mail Armor
41:08 Bracer
41:48 Ring Archer Armor
41:56 Crossbowman
43:22 Caravan
43:48 Arbalester
45:32 Blast Furnace
45:03 Plate Mail Armor
48:53 Architecture
48:18 Murder Holes
OtsBmd
0:29 Loom
12:12 Feudal Age
12:42 Double-Bit Axe
12:39 Horse Collar
13:49 Town Watch
17:11 Wheelbarrow
18:24 Fletching
21:44 Castle Age
22:32 Bodkin Arrow
23:56 Bow Saw
24:26 Heavy Plow
26:19 Gold Mining
26:21 Stone Mining
29:03 Gold Shaft Mining
29:18 Hand Cart
33:51 Imperial Age
32:31 Ballistics
32:22 Masonry
32:25 Caravan
33:04 Thumb Ring
33:39 Great Wall
33:50 Padded Archer Armor
35:08 Stone Shaft Mining
34:58 Conscription
35:06 Bracer
35:22 Leather Archer Armor
36:20 Two-Man Saw
36:17 Elite Chu Ko Nu
37:32 Ring Archer Armor
40:02 Chemistry
39:35 Architecture
39:42 Elite Fire Lancer
40:24 Squires
40:44 Scale Mail Armor
40:55 Forging
43:10 Iron Casting
43:37 Chain Mail Armor
45:20 Plate Mail Armor
45:50 Blast Furnace
46:27 Bombard Tower
49:40 Heated Shot
50:34 Pikeman
54:27 Arson
54:03 Halberdier
Patroclo
1:24 Loom
10:11 Feudal Age
10:49 Stone Mining
10:47 Double-Bit Axe
14:21 Fletching
16:43 Town Watch
19:45 Wheelbarrow
21:09 Gold Mining
24:49 Castle Age
25:47 Bow Saw
25:20 Horse Collar
26:23 Hand Cart
32:27 Imperial Age
30:24 Scale Mail Armor
30:35 Forging
30:52 Squires
30:38 Gambesons
30:39 Arson
30:51 Bodkin Arrow
31:38 Heavy Plow
31:53 Masonry
34:11 Chain Mail Armor
35:03 Two-Man Saw
35:10 Conscription
35:14 Cavalier
36:05 Bloodlines
37:39 Chemistry
36:59 Ballistics
36:43 Padded Archer Armor
37:49 Leather Archer Armor
36:56 Elite Skirmisher
39:44 Ring Archer Armor
42:39 Crenellations
44:14 Fortified Wall
44:16 Scale Barding Armor
44:22 Forging
46:49 Chain Barding Armor
47:05 Iron Casting
47:58 Hoardings
48:06 Plate Barding Armor
48:19 Guilds
48:10 Caravan
51:46 Blast Furnace
53:40 Ironclad
58:17 Crop Rotation
🌙Dr.π🌟☾⋆。 𖦹
2:53 Loom
11:26 Feudal Age
12:32 Double-Bit Axe
15:06 Castle Age
12:56 Horse Collar
13:25 Gold Mining
16:59 Wheelbarrow
17:05 Bow Saw
22:38 Heavy Plow
23:03 Stone Mining
24:41 Stone Shaft Mining
24:49 Hand Cart
25:49 Gold Shaft Mining
30:49 Imperial Age
28:05 Town Watch
28:12 Fletching
28:57 Padded Archer Armor
29:07 Forging
29:17 Bodkin Arrow
30:01 Leather Archer Armor
30:56 Bloodlines
30:46 Husbandry
30:07 Light Cavalry
30:53 Thumb Ring
31:24 Scale Barding Armor
31:30 Bracer
31:52 Conscription
31:37 Nomads
32:57 Siege Engineers
33:13 Ballistics
33:53 Chemistry
33:20 Parthian Tactics
33:02 Scale Barding Armor
33:35 Iron Casting
33:05 Hussar
34:28 Chain Barding Armor
34:53 Caravan
34:58 Capped Ram
35:21 Elite Mangudai
36:22 Drill
36:03 Nomads
36:42 Siege Ram
38:49 Blast Furnace
53:17 Murder Holes
54:46 Hoardings
54:12 Scale Mail Armor
53:34 Man-at-Arms
53:34 Pikeman
54:15 Squires
54:00 Arson
54:18 Town Patrol
53:52 Sappers
57:00 Chain Mail Armor
56:07 Long Swordsman
56:09 Crossbowman
56:10 Elite Skirmisher
Connection lost

Rejoining the realm…

Still unreachable

The connection could not be restored.

Session expired

The server has moved on; the page needs a fresh start.